 Dungeon Crawl Stone Soup version 0.25-a0-35-g747a2b3c0c (webtiles) character file.

Game seed: 6290058924107806487, levelgen mode: deterministic

188506 DeadButTrue the Warrior (level 17, -2/166 HPs)
             Began as a Minotaur Berserker on Oct 19, 2019.
             Was a High Priest of Trog.
             Slain by a sixfirhy (3 damage)
             ... summoned by a deep elf mage
             ... on level 1 of the Elven Halls.
             The game lasted 01:53:48 (34694 turns).

DeadButTrue the Warrior (Minotaur Berserker)       Turns: 34694, Time: 01:53:48

Health: -2/166     AC: 26    Str: 32    XL:     17   Next: 91%
Magic:  8/8        EV: 13    Int:  4    God:    Trog [*****.]
Gold:   2841       SH: 15    Dex:  9    Spells: 16/16 levels left

rFire    . . .     SeeInvis .   a - +7 demon trident (antimagic)
rCold    + . .     Gourm    .   h - +0 shield
rNeg     . . .     Faith    .   i - +2 plate armour {rC+}
rPois    +         Spirit   .   z - +1 hat {MR+}
rElec    +         Reflect  .   m - +0 cloak
rCorr    .         Harm     .   M - +0 pair of gloves
MR       ++++.                  y - +0 pair of boots
Stlth    ..........             e - amulet of regeneration
HPRegen  1.77/turn              C - ring of Uskayaw's Vengeance {+Fly Str+2}
MPRegen  0.11/turn              N - ring of poison resistance

@: regenerating
A: retaliatory headbutt, horns 2, mutation resistance 1, electricity resistance
a: Berserk, Trog's Hand, Brothers in Arms, Renounce Religion, Evoke Flight


You were on level 1 of the Elven Halls.
You worshipped Trog.
Trog was extremely pleased with you.
You were not hungry.

You visited 7 branches of the dungeon, and saw 31 of its levels.
You also visited: Gauntlet and Volcano.

You collected 2973 gold pieces.
You spent 132 gold pieces at shops.

Inventory:

Hand Weapons
 a - a +7 antimagic demon trident (weapon)
   (Trog gifted it to you on level 9 of the Dungeon)
 b - the +7 dagger of Courage {pain, MR+ SInv}
   (You found it on level 2 of the Lair of Beasts)

   In the hands of one skilled in necromantic magic, it inflicts extra damage on
   living creatures.
   It affects your resistance to hostile enchantments.
   It lets you see invisible.
Missiles
 w - 5 throwing nets {!f}
 H - 53 silver javelins (quivered)
Armour
 h - a +0 shield (worn)
   (You found it on level 2 of the Dungeon)
 i - a +2 plate armour of cold resistance (worn)
   (You took it off an orc warrior on level 1 of the Orcish Mines)
 m - a +0 cloak (worn)
   (You found it on level 10 of the Dungeon)
 y - a +0 pair of boots (worn)
   (You found it on level 1 of the Elven Halls)
 z - a +1 hat of magic resistance (worn)
   (You took it off Gastronok on level 8 of the Dungeon)
 M - a +0 pair of gloves (worn)
   (You found it on level 4 of the Dungeon)
Jewellery
 e - an amulet of regeneration (around neck)
   (You took it off a minotaur in a Gauntlet)
 C - the ring of Uskayaw's Vengeance (left hand) {+Fly Str+2}
   (You acquired it on level 11 of the Dungeon)

   [ring of flight]

   It affects your strength (+2).
   It lets you fly.
 N - a ring of poison resistance (right hand)
   (You found it on level 1 of the Shoals)
Wands
 c - a wand of disintegration (15)
   (You found it in a Gauntlet)
 d - a wand of iceblast (14)
   (You found it on level 6 of the Lair of Beasts)
 t - a wand of flame (64)
   (You found it on level 6 of the Dungeon)
 u - a wand of paralysis (25)
   (You found it on level 9 of the Dungeon)
 v - a wand of digging (25)
   (You took it off Jessica on level 3 of the Dungeon)
 x - a wand of acid (33)
   (You found it on level 1 of the Lair of Beasts)
 E - a wand of scattershot (10)
   (You found it on level 3 of the Lair of Beasts)
 J - a wand of enslavement (20)
   (You found it on level 1 of the Lair of Beasts)
 L - a wand of polymorph (10)
   (You found it in a Gauntlet)
Scrolls
 l - 13 scrolls of remove curse {@r2}
 p - 2 scrolls of teleportation {@r4}
 r - 8 scrolls of enchant armour
 A - 3 scrolls of fog
 B - 3 scrolls of magic mapping
 F - 10 scrolls of identify {@r1}
 I - 3 scrolls of fear
 O - 2 scrolls of summoning
Potions
 g - a potion of haste {@q3}
 j - a potion of might
 k - 3 potions of magic
 n - 8 potions of curing {@q1}
 q - 11 potions of brilliance
 D - 2 potions of ambrosia
 G - a potion of agility
 K - 4 potions of flight
 Q - 2 potions of mutation {!q}
 R - 2 potions of heal wounds {@q2}
Miscellaneous
 s - a lightning rod (4/4) {!a}
   (You found it on level 12 of the Dungeon)
Comestibles
 f - 50 rations {!d}
 o - 5 chunks of flesh


   Skills:
 + Level 18.3 Fighting
 - Level 14.0 Polearms
 + Level 9.1 Throwing
 + Level 18.1 Armour
 + Level 10.8 Dodging
 - Level 15.0 Shields
 + Level 10.7 Evocations


You had 16 spell levels left.
You didn't know any spells.
Your spell library was empty.

Dungeon Overview and Level Annotations

Branches:
Dungeon (15/15)            Temple (1/1) D:7            Lair (6/6) D:9
 Shoals (3/4) Lair:2       Spider (3/4) Lair:2        Slime (0/5) Lair:6
    Orc (2/2) D:12            Elf (1/3) Orc:2        Vaults (0/5) D:13
 Depths (0/5) D:15        Volcano (visited)         Gauntlet (visited)

Altars:
Ashenzari
Cheibriados
Dithmenos
Elyvilon
Fedhas
Gozag
Hepliaklqana
Kikubaaqudgha
Makhleb
Nemelex Xobeh
Okawaru
Qazlal
Ru
Sif Muna
Trog
Uskayaw
Vehumet
Wu Jian
Xom
Yredelemnul
Zin
The Shining One
Jiyva

Shops:
D:13 *[   Orc:2 :}}%?   Elf:1 }

Portals:
Trove: D:14 (give 16 scrolls of teleportation)


Innate Abilities, Weirdness & Mutations

You reflexively headbutt those who attack you in melee.
You have a pair of horns on your head.
You are somewhat resistant to further mutation.
You are resistant to electric shocks. (rElec)


Message History

The air elemental is destroyed!
Trog accepts your kill.
The deep elf blademaster hits your deep troll with a +0 rapier!!
The deep elf blademaster hits your deep troll with a +0 rapier!
The deep elf annihilator mumbles some strange words.
The deep elf annihilator blinks!
The deep elf death mage falters for a moment.
The deep elf high priest says, "The wages of sin are death, you know."
Send 'em back where they came from!
Trog shields your ally from puny magic!
Send 'em back where they came from!
Trog shields your ally from puny magic!
The deep elf master archer shoots an arrow.
The arrow hits your deep troll!! The sixfirhy completely misses you.
Your deep troll completely misses the deep elf blademaster.
Your deep troll claws the deep elf blademaster.
Your deep troll claws the deep elf blademaster!
You block the sixfirhy's attack.
The deep elf blademaster hits your deep troll with a +0 rapier!
Your deep troll dies!
Your deep troll's corpse disappears in a puff of smoke!
The deep elf annihilator mumbles some strange words.
The deep elf annihilator blinks!
The deep elf annihilator gestures wildly while chanting.
The deep elf annihilator blinks!
The deep elf demonologist mumbles some strange words.
The deep elf mage gestures at you while chanting.
The bolt of fire hits you!!!
* * * LOW HITPOINT WARNING * * *
The deep elf annihilator is empowered by the deep elf high priest's aura!
The Tzitzimitl calls on the powers of darkness!
The deep elf high priest convulses!
The deep elf annihilator convulses!
The deep elf knight convulses!
The deep elf mage convulses!
The deep elf demonologist convulses!
The deep elf blademaster convulses!
The deep elf mage convulses!
The deep elf master archer convulses!
The deep elf death mage convulses!
The deep elf annihilator convulses!
Your body is wracked with pain!
* * * LOW HITPOINT WARNING * * *
The deep elf annihilator convulses!
The deep elf mage gestures wildly while chanting.
You block the sixfirhy's attack.
Your skin crawls.
You feel resistant to hostile enchantments.
You feel somewhat more hungry.
The smoke demon disappears in a puff of smoke!
The sixfirhy hits you.
* * * LOW HITPOINT WARNING * * *
The sixfirhy shocks you. You resist.
You die...

.# ######.## #.# .# ##.##
#.# ## ### ##.####'###
.## #.# ##'#.....##
#.####.## ##.......##
##.##...# #...*§....#
##'#...########.(.......#
##.....'.....'..e*.....#
##.....#######@.e......#
#.......# ###3........#
#.......# #3ee(e'''''##
####'#### #'Ee(2§+++' #.#
#'2''ee+ #.# ##'''e§1.+
#.# ##.''ee/$.'+ ####.#
##.#'+3..?.'+ #..#'#
##.##'++....++'##


You could see a Tzitzimitl, a deep elf blademaster, a balrug, a deep elf master
archer, 3 deep elf annihilators, a deep elf death mage, a shadow demon, a deep
elf demonologist, a deep elf knight, a deep elf high priest, an earth elemental,
2 deep elf magi, a sixfirhy, a ynoxinul, 2 lost souls and 2 dancing weapons.

Vanquished Creatures
  Rupert (Lair:4)
  Gastronok (D:8)
  A kraken (Shoals:3)
  Ilsuiw (Shoals:2)
  A deep elf sorcerer (Elf:1)
  An orc warlord (Orc:2)
  3 emperor scorpions
  An entropy weaver (Spider:3)
  A minotaur (Gauntlet)
  Azrael (Spider:2)
  The ghost of Dwingvatt99 the Destroyer, a journeyman TeAE of Vehumet (Lair:6)
  Snorg (Lair:4)
  An ettin (D:12)
  3 merfolk javelineers
  2 merfolk impalers
  Josephine (D:14)
  4 hydras
  A deep elf high priest (D:12)
  Harold (Lair:1)
  A rakshasa (D:15)
  Fannar (Lair:2)
  5 catoblepae (Lair:6)
  A centaur warrior (D:13)
  A merfolk aquamancer (Shoals:1)
  7 death yaks
  2 merfolk avatars (Shoals:2)
  An alligator snapping turtle (Shoals:2)
  A death knight (D:15)
  3 two-headed ogres
  4 dancing weapons (Elf:1)
  A satyr (Shoals:3)
  A queen ant (Lair:2)
  A death scarab (Gauntlet)
  An orc high priest (Orc:2)
  Urug (D:10)
  Sonja (Orc:1)
  7 deep elf knights (Elf:1)
  5 skeletal warriors
  A salamander mystic (Volcano)
  A hell knight (Volcano)
  3 sixfirhies (Gauntlet)
  A flayed ghost (D:12)
  4 unseen horrors
  2 wizards
  9 sea snakes
  3 deep elf archers (Elf:1)
  A spectral hydra (Gauntlet)
  A necromancer (D:15)
  6 orc sorcerers
  6 harpies
  A lindwurm (Orc:2)
  16 orb spiders
  2 oklob plants (Lair:1)
  5 orc knights
  7 cyclopes
  19 wolf spiders
  6 ugly things
  9 fauns
  27 deep elf magi
  6 elephants
  8 manticores
  Maurice (Orc:1)
  3 merfolk sirens
  A naga mage (D:15)
  7 centaur zombies
  2 moths of wrath (Spider:3)
  6 salamanders (Volcano)
  2 water nymphs
  3 gargoyles
  3 black mambas
  11 spiny frogs
  An eye of devastation (Gauntlet)
  3 freezing wraiths
  3 rime drakes
  2 torpor snails
  6 komodo dragons
  6 demonic crawlers
  A kobold demonologist (D:13)
  A komodo dragon (shapeshifter) (D:15)
  2 yaktaurs (D:13)
  5 trolls
  14 merfolk
  A queen bee (Lair:3)
  A tengu conjurer (D:15)
  22 jumping spiders
  2 wind drakes
  A polar bear (D:14)
  3 meliai (Spider:2)
  15 blink frogs
  4 hornets
  A meliai zombie (D:13)
  3 slime creatures (D:15)
  15 hippogriffs
  3 dream sheep (Shoals:1)
  9 snapping turtles
  3 shadows
  A centaur simulacrum (D:14)
  42 yaks
  33 redbacks
  16 tarantellas
  The ghost of topfpfpflanze the Sneak, an amateur FeEE of Makhleb (D:6)
  3 water elementals
  5 wraiths (D:14)
  4 wyverns
  8 basilisks
  A hungry ghost (D:10)
  2 vampire mosquitoes (D:14)
  4 soldier ants
  4 wargs
  Duvessa (D:7)
  2 hell hounds (Spider:2)
  14 water moccasins
  33 orc warriors
  A floating eye (Gauntlet)
  6 porcupines
  5 sky beasts
  4 eyes of draining
  4 phantoms
  5 ice beasts
  2 necrophages
  A boggart (D:13)
  14 ogres
  7 centaurs
  20 crocodiles
  8 wolves
  7 big kobolds
  3 earth elementals
  18 bullfrogs
  A wyvern zombie (D:14)
  Dowan (D:7)
  A scorpion (D:9)
  A water moccasin skeleton (D:5)
  34 killer bees
  4 electric eels
  8 wights
  4 howler monkeys
  6 crimson imps
  3 bullfrog zombies
  A quasit (D:7)
  29 orc priests
  6 hounds
  5 bullfrog skeletons
  6 centaur skeletons
  4 jellies
  Jessica (D:3)
  4 hell rats (Lair:4)
  6 iguanas
  27 worker ants
  44 orc wizards
  A hound skeleton (D:5)
  Robin (D:2)
  3 worker ant zombies
  7 gnolls
  14 adders
  6 shadow imps
  2 white imps (D:14)
  2 ufetubi (D:14)
  An ooze (D:1)
  3 adder skeletons
  5 worms
  A dart slug (D:1)
  3 leopard geckos
  86 orcs
  8 giant cockroaches
  19 goblins
  13 hobgoblins
  16 jackals
  3 quokkas
  7 bats
  8 frilled lizards
  A jackal zombie (D:7)
  19 kobolds
  A leopard gecko skeleton (D:6)
  7 rats
  A butterfly (Lair:6)
  4 plants
  3 tentacles (Shoals:3)
1102 creatures vanquished.

Vanquished Creatures (collateral kills)
  A dire elephant (Lair:6)
  A hydra (Lair:2)
  2 merfolk aquamancers (Shoals:1)
  A merfolk avatar (Shoals:1)
  4 death yaks
  A sea snake (Shoals:1)
  3 harpies (Shoals:3)
  2 fauns (Shoals:3)
  An orc sorcerer (Orc:2)
  2 water nymphs (Shoals:1)
  A spiny frog (Lair:6)
  A black mamba (Lair:6)
  A rime drake (Lair:4)
  A komodo dragon (Lair:6)
  A troll (Orc:2)
  3 merfolk
  A hornet (D:9)
  A dream sheep (Lair:6)
  A hippogriff (Lair:6)
  A snapping turtle (Shoals:2)
  2 redbacks (Spider:1)
  An air elemental (Elf:1)
  A tarantella (Spider:1)
  3 water elementals (Shoals:1)
  4 yaks (Lair:6)
  A fire elemental (Spider:2)
  A warg (Orc:2)
  3 hell hounds (Spider:2)
  4 orc warriors (Orc:2)
  An ogre (Orc:2)
  A crocodile (Lair:6)
  4 killer bees (Lair:3)
  2 orc priests (Orc:2)
  4 orc wizards (Orc:2)
  A hell rat (Lair:4)
  An adder (D:9)
  3 orcs (Orc:2)
  A plant (Lair:4)
68 creatures vanquished.

Vanquished Creatures (others)
  An orc (D:13)
  13 fungi
  11 plants
  24 tentacles
49 creatures vanquished.

Grand Total: 1219 creatures vanquished

Notes
Turn   | Place    | Note
-------+----------+-------------------------------------------
     0 | D:1      | DeadButTrue the Minotaur Berserker began the quest for the
                  | Orb.
     0 | D:1      | Reached XP level 1. HP: 19/19 MP: 0/0
   400 | D:1      | Reached XP level 2. HP: 27/27 MP: 1/1
   563 | D:1      | Reached ** piety under Trog
   563 | D:1      | Reached XP level 3. HP: 30/33 MP: 2/2
  1149 | D:2      | Found a burning altar of Makhleb.
  1306 | D:2      | Noticed Robin
  1316 | D:2      | Killed Robin
  1316 | D:2      | Reached XP level 4. HP: 41/41 MP: 3/3
  1923 | D:3      | Noticed Jessica
  1929 | D:3      | Killed Jessica
  1929 | D:3      | Reached XP level 5. HP: 47/47 MP: 4/4
  1970 | D:3      | Reached *** piety under Trog
  2173 | D:3      | Reached skill level 1 in Shields
  2343 | D:3      | Found a blossoming altar of Fedhas.
  2345 | D:3      | Found a hide-covered altar of Uskayaw.
  2345 | D:3      | Found a hide-covered altar of Uskayaw.
  2348 | D:3      | Found a glowing silver altar of Zin.
  2348 | D:3      | Found a white marble altar of Elyvilon.
  2348 | D:3      | Found a shimmering altar of Xom.
  2403 | D:3      | Found a sparkling altar of Nemelex Xobeh.
  2407 | D:3      | Found a hazy altar of Hepliaklqana.
  2446 | D:3      | Found a hide-covered altar of Uskayaw.
  2725 | D:4      | Reached skill level 5 in Polearms
  2811 | D:4      | Reached skill level 5 in Fighting
  2811 | D:4      | Reached XP level 6. HP: 44/56 MP: 5/5
  2829 | D:4      | Reached skill level 1 in Evocations
  3159 | D:4      | Found an ancient bone altar of Kikubaaqudgha.
  3516 | D:4      | Found a snail-covered altar of Cheibriados.
  3693 | D:4      | Reached **** piety under Trog
  3775 | D:4      | Reached XP level 7. HP: 53/61 MP: 7/7
  3782 | D:4      | Reached skill level 5 in Armour
  4335 | D:5      | Entered Level 5 of the Dungeon
  4560 | D:5      | Found a blossoming altar of Fedhas.
  4679 | D:5      | Found a basalt altar of Yredelemnul.
  4750 | D:5      | Reached XP level 8. HP: 70/70 MP: 9/9
  4784 | D:5      | Got a dazzling ring mail
  4795 | D:5      | Identified the +2 ring mail of Dithmenos's Hatred {rF+
                  | Regen+} (You found it on level 5 of the Dungeon)
  5232 | D:6      | Reached skill level 5 in Shields
  5294 | D:6      | Found a runed translucent door.
  5295 | D:6      | Noticed topfpfpflanze's ghost (amateur FeEE)
  5348 | D:6      | Killed topfpfpflanze's ghost
  5371 | D:6      | Found a runed translucent door.
  5473 | D:6      | Found a sacrificial altar of Ru.
  5958 | D:6      | Noticed an angel
  5959 | D:6      | Found a glowing silver altar of Zin.
  6092 | D:7      | Reached XP level 9. HP: 77/79 MP: 10/10
  6126 | D:7      | Found a bloodstained altar of Trog.
  6228 | D:7      | Found a staircase to the Ecumenical Temple.
  6244 | Temple   | Entered the Ecumenical Temple
  6449 | D:7      | Found a white marble altar of Elyvilon.
  6477 | D:7      | Noticed Duvessa
  6479 | D:7      | Noticed Dowan
  6510 | D:7      | Killed Duvessa
  6514 | D:7      | Killed Dowan
  7270 | D:8      | Reached ***** piety under Trog
  7489 | D:8      | Noticed Gastronok
  7523 | D:8      | Killed Gastronok
  7523 | D:8      | Reached XP level 10. HP: 41/91 MP: 3/11
  7907 | D:9      | Reached skill level 10 in Fighting
  7907 | D:9      | Reached skill level 10 in Polearms
  8055 | D:9      | Noticed a two-headed ogre
  8064 | D:9      | Killed a two-headed ogre
  8064 | D:9      | Reached skill level 10 in Armour
  8277 | D:9      | Reached XP level 11. HP: 87/101 MP: 4/12
  8594 | D:9      | Found a staircase to the Lair.
  8595 | D:9      | Noticed a death yak
  8598 | D:9      | Noticed a death yak
  8598 | D:9      | Noticed a death yak
  8599 | D:9      | Noticed a death yak
  8603 | D:9      | Noticed a death yak
  8611 | D:9      | Killed a death yak
  8611 | D:9      | Received a gift from Trog
  8618 | D:9      | Killed a death yak
  8620 | D:9      | Killed a death yak
  8624 | D:9      | Killed a death yak
  8628 | D:9      | Killed a death yak
  8628 | D:9      | Reached skill level 10 in Shields
  8727 | D:10     | Entered Level 10 of the Dungeon
  9010 | D:10     | Noticed Urug
  9024 | D:10     | Killed Urug
  9626 | D:11     | Noticed a red ugly thing
  9637 | D:11     | Killed a red ugly thing
  9933 | D:11     | Identified a scroll of acquirement
  9934 | D:11     | Got a steaming copper ring
  9935 | D:11     | Identified the ring of Uskayaw's Vengeance {+Fly Str+2}
                  | (You acquired it on level 11 of the Dungeon)
 10049 | D:11     | Received a gift from Trog
 10506 | Lair:1   | Entered Level 1 of the Lair of Beasts
 10618 | Lair:1   | Noticed an oklob plant
 10620 | Lair:1   | Noticed an oklob plant
 10644 | Lair:1   | Killed an oklob plant
 10644 | Lair:1   | Reached XP level 12. HP: 111/111 MP: 4/13
 10712 | Lair:1   | Got a crude scale mail
 10754 | Lair:1   | Noticed Harold
 10764 | Lair:1   | Killed Harold
 11026 | Lair:1   | Got a twitching granite ring
 11027 | Lair:1   | Identified the ring "Enworhoc" {Ice *Slow rN+++ SInv} (You
                  | found it on level 1 of the Lair of Beasts)
 11087 | Lair:1   | Noticed a six-headed hydra
 11099 | Lair:1   | Killed a six-headed hydra
 11658 | Lair:2   | Found a hole to the Spider Nest.
 11661 | Lair:2   | Noticed Fannar
 11671 | Lair:2   | Killed Fannar
 11711 | Lair:2   | Identified the +1 scale mail of Nemelex Xobeh's Hatred
                  | {*Contam rN+++ MR++ Dex-4} (You found it on level 1 of the
                  | Lair of Beasts)
 11759 | Lair:2   | Gained mutation: Your spells are a little easier to cast,
                  | but a little less powerful. [mutagenic glow]
 11788 | Lair:2   | Gained mutation: Armour fits poorly on your strangely
                  | shaped body. [mutagenic glow]
 11928 | Lair:2   | Lost mutation: Your spells are a little easier to cast, but
                  | a little less powerful. [potion of mutation]
 11928 | Lair:2   | Gained mutation: You have a pair of large horns on your
                  | head. [potion of mutation]
 11928 | Lair:2   | Gained mutation: You are clumsy. (Dex -2) [potion of
                  | mutation]
 11928 | Lair:2   | Gained mutation: You are somewhat resistant to further
                  | mutation. [potion of mutation]
 11929 | Lair:2   | Lost mutation: You are clumsy. (Dex -2) [potion of
                  | mutation]
 11929 | Lair:2   | Lost mutation: You are somewhat resistant to further
                  | mutation. [potion of mutation]
 11929 | Lair:2   | Gained mutation: Your muscles are strong. (Str +2) [potion
                  | of mutation]
 11929 | Lair:2   | Gained mutation: Your movements are slightly less
                  | encumbered by armour. (ER -2) [potion of mutation]
 11991 | Lair:2   | Noticed an eight-headed hydra
 11998 | Lair:2   | Killed an eight-headed hydra
 12054 | Lair:2   | Noticed a queen ant
 12074 | Lair:2   | Killed a queen ant
 12318 | Lair:2   | Found a staircase to the Shoals.
 12334 | Lair:2   | Got an ancient dagger
 12345 | Lair:2   | Identified the +7 dagger of Courage {pain, MR+ SInv} (You
                  | found it on level 2 of the Lair of Beasts)
 12559 | Lair:2   | Noticed a six-headed hydra
 12566 | Lair:2   | Killed a six-headed hydra
 13154 | Lair:3   | Reached XP level 13. HP: 56/121 MP: 4/14
 13156 | Lair:3   | Reached ****** piety under Trog
 14439 | Lair:4   | Received a gift from Trog
 14530 | Lair:4   | Noticed Rupert
 14553 | Lair:4   | Killed Rupert
 14908 | Lair:4   | Noticed Snorg
 14956 | Lair:4   | Killed Snorg
 16370 | Lair:6   | Entered Level 6 of the Lair of Beasts
 16370 | Lair:6   | Found a transporter.
 16370 | Lair:6   | Noticed a dire elephant
 16370 | Lair:6   | Noticed Dwingvatt99's ghost (journeyman TeAE)
 16505 | Lair:6   | Found a transporter.
 16634 | Lair:6   | Received a gift from Trog
 16840 | Lair:6   | Found a viscous altar of Jiyva.
 16841 | Lair:6   | Found a staircase to the Slime Pits.
 16911 | Lair:6   | Reached XP level 14. HP: 133/133 MP: 5/16
 17262 | Lair:6   | HP: 6/199 [catoblepas (8)]
 17265 | Lair:6   | Reached skill level 5 in Evocations
 17780 | Lair:6   | HP: 2/133 [Dwingvatt99's ghost/bolt of lightning (36)]
 17781 | Lair:6   | Killed Dwingvatt99's ghost
 17781 | Lair:6   | Reached skill level 15 in Fighting
 18406 | D:12     | Found a staircase to the Orcish Mines.
 18861 | D:12     | Received a gift from Trog
 18863 | D:12     | Reached skill level 15 in Armour
 19001 | D:12     | Found a runed translucent door.
 19326 | Orc:1    | Entered Level 1 of the Orcish Mines
 19514 | Orc:2    | Entered Level 2 of the Orcish Mines
 19558 | Orc:2    | Noticed an orc warlord
 19578 | Orc:2    | Killed an orc warlord
 19771 | Orc:2    | Found a dark tunnel.
 19781 | Volcano  | Entered a volcano
 20036 | Volcano  | Reached skill level 15 in Shields
 20328 | Orc:2    | Reached XP level 15. HP: 88/143 MP: 6/19
 20563 | Orc:2    | Received a gift from Trog
 20594 | Orc:2    | Found Ubuej's Magic Scroll Shoppe.
 20604 | Orc:2    | Bought a scroll of remove curse for 36 gold pieces
 20604 | Orc:2    | Bought 2 scrolls of remove curse for 72 gold pieces
 20604 | Orc:2    | Bought a scroll of identify for 24 gold pieces
 20611 | Orc:2    | Found a staircase to the Elven Halls.
 21023 | Orc:2    | Found Supasu's Gadget Shoppe.
 21023 | Orc:2    | Found Gimeinil's Food Shoppe.
 21023 | Orc:2    | Found Utem's Gadget Emporium.
 21028 | Orc:2    | Found Lasm's Book Emporium.
 21202 | Orc:1    | Noticed Maurice
 21281 | Orc:1    | Killed Maurice
 21439 | Orc:1    | Reached skill level 1 in Throwing
 21485 | Orc:1    | Noticed Sonja
 21506 | Orc:1    | Killed Sonja
 22177 | D:13     | Found Imafes's Antique Armour Boutique.
 22190 | D:13     | Received a gift from Trog
 22372 | D:13     | HP: 6/144 [orc knight/bolt (13)]
 22891 | D:13     | Reached skill level 5 in Dodging
 23105 | D:13     | Found a gate to the Vaults.
 23278 | D:13     | Found Itev's Pet Rocks.
 23670 | D:14     | Found a gate leading to a gauntlet.
 23688 | Gauntlet | Entered a Gauntlet
 23688 | Gauntlet | Found a transporter.
 23688 | Gauntlet | Found a runed translucent door.
 23688 | Gauntlet | Found a transporter.
 23688 | Gauntlet | Found a transporter.
 23688 | Gauntlet | Found a runed translucent door.
 23777 | Gauntlet | Found a transporter.
 23778 | Gauntlet | Found a transporter.
 23781 | Gauntlet | Found a transporter.
 23787 | Gauntlet | Found a transporter.
 23789 | Gauntlet | Found a transporter.
 23790 | Gauntlet | Found a transporter.
 23792 | Gauntlet | Found a transporter.
 23800 | Gauntlet | Found a transporter.
 23801 | Gauntlet | Found a transporter.
 24340 | D:14     | Received a gift from Trog
 24373 | D:14     | Found a shadowy altar of Dithmenos.
 24383 | D:14     | You fall into a shaft and drop 1 floor!
 24383 | D:15     | Entered Level 15 of the Dungeon
 24423 | D:15     | Found an iron altar of Okawaru.
 24586 | D:14     | Noticed Josephine
 24601 | D:14     | Killed Josephine
 24784 | D:14     | Found a portal to a secret trove of treasure.
 25071 | D:14     | Found a shadowy altar of Dithmenos.
 25457 | D:14     | Found a shattered altar of Ashenzari.
 26118 | D:15     | Received a gift from Trog
 26121 | D:15     | Reached XP level 16. HP: 116/152 MP: 7/21
 26149 | D:15     | Found a staircase to the Depths.
 26205 | D:15     | Reached skill level 5 in Throwing
 26589 | Spider:1 | Entered Level 1 of the Spider Nest
 26881 | Spider:1 | Lost mutation: You have a pair of large horns on your head.
                  | [potion of mutation]
 26881 | Spider:1 | Lost mutation: Your muscles are strong. (Str +2) [potion of
                  | mutation]
 26881 | Spider:1 | Gained mutation: You are somewhat resistant to further
                  | mutation. [potion of mutation]
 27102 | Spider:1 | You fall into a shaft and drop 1 floor!
 27144 | Spider:2 | Received a gift from Trog
 28727 | Spider:2 | Noticed Azrael
 28741 | Spider:2 | Killed Azrael
 28746 | Spider:2 | Received a gift from Trog
 29384 | Spider:3 | Received a gift from Trog
 29609 | Spider:3 | Paralysed by a hornet for 2 turns
 30070 | Shoals:1 | Entered Level 1 of the Shoals
 30189 | Shoals:1 | Reached XP level 17. HP: 54/162 MP: 7/23
 30658 | Shoals:1 | Lost mutation: You are somewhat resistant to further
                  | mutation. [potion of mutation]
 30658 | Shoals:1 | Lost mutation: Your movements are slightly less encumbered
                  | by armour. (ER -2) [potion of mutation]
 30658 | Shoals:1 | Lost mutation: Armour fits poorly on your strangely shaped
                  | body. [potion of mutation]
 30658 | Shoals:1 | Gained mutation: You are somewhat resistant to further
                  | mutation. [potion of mutation]
 30658 | Shoals:1 | Gained mutation: You are resistant to electric shocks.
                  | (rElec) [potion of mutation]
 30665 | Shoals:1 | Noticed a kraken
 31148 | Shoals:2 | Received a gift from Trog
 31408 | Shoals:2 | Noticed Ilsuiw
 31697 | Shoals:2 | Killed Ilsuiw
 31739 | Shoals:2 | Reached skill level 10 in Evocations
 32340 | Shoals:3 | Reached skill level 10 in Dodging
 32480 | Shoals:3 | Received a gift from Trog
 32579 | Shoals:3 | Noticed a kraken
 32734 | Shoals:3 | Got a bloodstained chain mail
 32745 | Shoals:3 | Identified the +2 chain mail "Hojamurgh" {rCorr Str-2
                  | Int+4} (You found it on level 3 of the Shoals)
 33118 | Shoals:3 | Received a gift from Trog
 33400 | Shoals:3 | Killed a kraken
 33794 | Elf:1    | Entered Level 1 of the Elven Halls
 33903 | Elf:1    | Found a huge runed gate.
 33903 | Elf:1    | Found a huge runed gate.
 33903 | Elf:1    | Found a huge runed gate.
 33904 | Elf:1    | Found a huge runed gate.
 33905 | Elf:1    | Found a huge runed gate.
 33906 | Elf:1    | Found a huge runed gate.
 33907 | Elf:1    | Found a huge runed gate.
 33908 | Elf:1    | Found a huge runed gate.
 33909 | Elf:1    | Found a huge runed gate.
 33914 | Elf:1    | Found a huge runed gate.
 33934 | Elf:1    | Found a huge runed gate.
 33934 | Elf:1    | Found a huge runed gate.
 33938 | Elf:1    | Found a huge runed gate.
 33972 | Elf:1    | Found a huge runed gate.
 33972 | Elf:1    | Found a huge runed gate.
 33972 | Elf:1    | Found a huge runed gate.
 34006 | Elf:1    | Found a huge runed gate.
 34006 | Elf:1    | Found a huge runed gate.
 34006 | Elf:1    | Found a huge runed gate.
 34006 | Elf:1    | Found a huge runed gate.
 34007 | Elf:1    | Found a huge runed gate.
 34007 | Elf:1    | Found a huge runed gate.
 34007 | Elf:1    | Found a huge runed gate.
 34008 | Elf:1    | Found a huge runed gate.
 34008 | Elf:1    | Found a huge runed gate.
 34228 | Elf:1    | Received a gift from Trog
 34360 | Elf:1    | Received a gift from Trog
 34421 | Elf:1    | Found Fuwk's Gadget Shoppe.
 34675 | Elf:1    | Noticed a deep elf blademaster
 34675 | Elf:1    | Noticed a deep elf master archer
 34688 | Elf:1    | Noticed a Tzitzimitl
 34693 | Elf:1    | HP: 6/166 [???[a deep elf demonologist] (4)]
 34694 | Elf:1    | HP: 1/166 [sixfirhy[a deep elf mage] (6)]
 34694 | Elf:1    | Slain by a sixfirhy

Levels and vault maps discovered:
D:1:      lemuel_arrival_broad_hall, layout_loops_corners
D:2:      layout_basic, old_standard_altar, minmay_three_crescents, uniq_robin
D:3:      minmay_skewed_foursquare, layout_rooms, grunt_temple_overflow_open,
          minmay_stone_trees_small, doesnt_xom_only_xom, uniq_jessica
D:4:      layout_basic, kiku_gazebo_pond_becter, serial_bayou,
          serial_bayou_ford_a, serial_bayou_lagoon_a, serial_bayou_shore_b,
          serial_bayou_pond_b, columned_hall_lemuel, nrook_campfire,
          hangedman_decor_push, cheibriados_altar_1
D:5:      layout_loops_ring, nicolae_overflow_hidden_temple,
          fedhas_ov_isle_minmay, first_ration, kennysheep_small_square
D:6:      layout_basic, zin_angel, lemuel_doored_altar, ebering_ghost_sewer_f,
          chequers_serial_rivers_micro_a, lightli_orcish_oven
D:7:      layout_loops_ring, elyvilon_altar_1, minmay_temple_entry_offerings,
          minmay_door_square, grunt_ogre_cave, trog_eyes_of_draining,
          uniq_duvessa
D:8:      layout_basic, uniq_gastronok
D:9:      layout_basic, dpeg_lair_monsters
D:10:     layout_roguey, uniq_urug
D:11:     layout_basic
D:12:     layout_gridville, orc_0_dummy, minivault_13
D:13:     layout_layer_cave, hangedman_vaults_entry_quadrant_bands,
          serial_shops, shop, minmay_misc_feat_tower, minmay_misc_feat_encased,
          guppyfry_shop_earth
D:14:     layout_cave_pods, evilmike_ruin_ashenzari, enter_trove_0, serial_ice,
          serial_ice_b, serial_ice_k, serial_ice_m, serial_ice_h, basic_altar,
          gauntlet_entry_generic, nicolae_dithmenos_shadow_blocks,
          uniq_josephine
D:15:     grunt_enter_depths_magical_seal, layout_cave_pools,
          chequers_serial_rivers_small_b, basic_altar
Temple:   minmay_temple_bridge_abc
Lair:1:   layout_cave_pods, chequers_serial_rivers_marsh, grunt_megastairs_4,
          minmay_lair_oklob_chamber, uniq_harold
Lair:2:   layout_chaotic_city, elwin_shoals_entry_rocks, dummy_spider_entry,
          minmay_another_anthill, uniq_fannar
Lair:3:   regret_index_combs_of_tragedy, layout_regular_city,
          lemuel_fruit_fields
Lair:4:   layout_small_grid, serial_bayou_pond_c, infiniplex_staircase_pool_2,
          uniq_snorg, uniq_rupert
Lair:5:   layout_loops_ring, chequers_serial_rivers_small_3, grunt_megastairs_2,
          lemuel_fruit_fields
Lair:6:   evilmike_catoblepas_cave, layout_hall_layers,
          dpeg_slime_entry_enclosed_altar, gammafunk_ghost_arena
Shoals:1: layout_shoals, nicolae_shoals_water_shrine
Shoals:2: layout_shoals, overgrown_tower, uniq_ilsuiw
Shoals:3: layout_shoals
Spider:1: layout_spider_delve
Spider:2: layout_spider_delve, uniq_azrael
Spider:3: layout_spider_delve, drop_trap
Orc:1:    layout_diamond_mine, uniq_maurice, uniq_sonja
Orc:2:    st_orc_mages, layout_diamond_mine, nicolae_volcano_entry_vermiform,
          serial_shops, nicolae_shop_temple_entry_statues_fountains
Elf:1:    elf_arrival_001, layout_geoelf_octagon, serial_shops, shop_statue,
          minmay_elf_sorcery, door_vault

Skill      XL: |  1  2  3  4  5  6  7  8  9 10 11 12 13 14 15 16 17 |
---------------+----------------------------------------------------+-----
Fighting       | 4 5 6 7 9 10 11 13 14 15 16 17 18 | 18.3
Polearms       | 4 5 6 7 9 10 11 13 14 | 14.0
Armour         | 3 4 5 7 9 10 11 13 14 15 16 17 18 | 18.1
Dodging        | 3 7 9 10 | 10.8
Shields        | 1 2 3 5 8 9 11 12 13 15 | 15.0
Evocations     | 1 2 3 4 6 8 9 10 | 10.7
Throwing       | 4 7 9 |  9.1

Action                   |  1- 3 |  4- 6 |  7- 9 | 10-12 | 13-15 | 16-18 || total
-------------------------+-------+-------+-------+-------+-------+-------++-------
Melee: Spear             |    85 |   252 |    77 |    19 |       |       ||   433
       Headbutt          |    13 |    35 |    69 |   134 |   318 |   204 ||   773
       Trident           |       |       |   295 |   277 |       |       ||   572
       Demon trident     |       |       |       |   520 |  1371 |  1260 ||  3151
       Dagger            |       |       |       |       |    38 |    19 ||    57
       Unarmed           |       |       |       |       |     1 |       ||     1
Throw: Javelin           |       |       |       |       |     2 |    11 ||    13
Invok: Berserk           |     1 |     2 |     3 |     2 |     7 |     4 ||    19
       Trog's Hand       |       |     1 |     4 |     4 |    11 |     5 ||    25
       Brothers in Arms  |       |       |       |     2 |     7 |     6 ||    15
Evoke: Wand              |       |       |       |    22 |    11 |     4 ||    37
       Lightning rod     |       |       |       |       |     1 |       ||     1
  Use: Scroll            |     6 |     7 |     7 |    13 |    18 |     8 ||    59
       Potion            |       |       |     3 |     5 |    16 |    11 ||    35
 Stab: Paralysed         |       |       |       |     5 |     9 |       ||    14
       Distracted        |       |       |       |     2 |       |     2 ||     4
       Petrified         |       |       |       |       |     2 |       ||     2
       Invisible         |       |       |       |       |     1 |       ||     1
  Eat: Chunk             |     1 |    10 |     6 |    18 |    41 |    20 ||    96
       Ration            |       |       |     4 |     1 |     4 |     5 ||    14
Armor: Animal skin       |     5 |       |       |       |       |       ||     5
       Ring mail         |     8 |    16 |    79 |   113 |    70 |       ||   286
       Plate armour      |       |    24 |    34 |       |   103 |   432 ||   593
       Chain mail        |       |     4 |       |       |    22 |       ||    26
Dodge: Dodged            |    27 |    55 |   111 |   180 |   265 |   432 ||  1070
Block: Shield            |       |    33 |   172 |   349 |   529 |   737 ||  1820

Table legend:
 A = Non-vault XP
 B = Vault XP
 C = Vault XP percentage of total XP
 D = Non-vault monster count
 E = Vault monster count
 F = Vault count percentage of total count
                 A         B        C        D         E       F
            +---------+---------+-------+---------+---------+-------
      Total |  197801 |   85965 |  30.3 |     849 |     312 |  26.9
            +---------+---------+-------+---------+---------+-------
        D:1 |      64 |       0 |   0.0 |      27 |       0 |   0.0
        D:2 |      53 |      65 |  55.1 |      10 |      19 |  65.5
        D:3 |      44 |      78 |  63.9 |      24 |       8 |  25.0
        D:4 |     598 |       2 |   0.3 |      22 |       1 |   4.3
        D:5 |     510 |      42 |   7.6 |      20 |       2 |   9.1
        D:6 |     704 |     572 |  44.8 |      15 |      12 |  44.4
        D:7 |     580 |     735 |  55.9 |      10 |       8 |  44.4
        D:8 |     754 |    2380 |  75.9 |      22 |       1 |   4.3
        D:9 |    4839 |    2580 |  34.8 |      62 |       5 |   7.5
       D:10 |    2022 |     855 |  29.7 |      39 |       1 |   2.5
       D:11 |    2538 |       0 |   0.0 |      29 |       0 |   0.0
       D:12 |    7779 |    4736 |  37.8 |      36 |       7 |  16.3
       D:13 |    4356 |    4256 |  49.4 |      18 |      20 |  52.6
       D:14 |   12607 |    2790 |  18.1 |      40 |      14 |  25.9
       D:15 |   12430 |    4180 |  25.2 |      37 |       8 |  17.8
     Lair:1 |    4717 |    2932 |  38.3 |      22 |       6 |  21.4
     Lair:2 |    3215 |    2986 |  48.2 |       9 |      24 |  72.7
     Lair:3 |    3434 |    5527 |  61.7 |      12 |      43 |  78.2
     Lair:4 |    6643 |    3984 |  37.5 |      32 |       2 |   5.9
     Lair:5 |    4553 |     411 |   8.3 |      19 |       1 |   5.0
     Lair:6 |    6039 |   13843 |  69.6 |      24 |      31 |  56.4
   Shoals:1 |    9363 |    2835 |  23.2 |      20 |       9 |  31.0
   Shoals:2 |   17137 |    2973 |  14.8 |      35 |       4 |  10.3
   Shoals:3 |   17149 |       0 |   0.0 |      30 |       0 |   0.0
   Spider:1 |   18642 |       0 |   0.0 |      57 |       0 |   0.0
   Spider:2 |   16567 |    1597 |   8.8 |      41 |       7 |  14.6
   Spider:3 |   14321 |       0 |   0.0 |      32 |       0 |   0.0
      Orc:1 |    4265 |    1322 |  23.7 |      32 |       2 |   5.9
      Orc:2 |    5496 |    5231 |  48.8 |      47 |      46 |  49.5
      Elf:1 |   16382 |    8778 |  34.9 |      26 |      15 |  36.6
    Volcano |       0 |    4662 | 100.0 |       0 |       8 | 100.0
   Gauntlet |       0 |    5613 | 100.0 |       0 |       8 | 100.0
            +---------+---------+-------+---------+---------+-------
